 Dungeon Crawl Stone Soup version 0.26.0-57-g60708a5e39 (webtiles) character file.

Game seed: 17959120463286799799

237 Gadfly the Cudgeller (level 6, -1/59 HPs)
             Began as an Ogre Gladiator on Feb 2, 2021.
             Slain by an orc
             ... wielding a +0 trident
              (6 damage)
             ... on level 3 of the Dungeon.
             The game lasted 00:04:12 (3013 turns).

Gadfly the Cudgeller (Ogre Gladiator)               Turns: 3013, Time: 00:04:13

Health: -1/59      AC:  3    Str: 21    XL:     6   Next: 6%
Magic:  8/8        EV: 10    Int:  9    God:
Gold:   44         SH:  0    Dex: 10    Spells: 5/5 levels left

rFire    . . .     SeeInvis .   a - +0 flail
rCold    . . .     Faith    .   (no shield)
rNeg     + . .     Spirit   .   b - +0 robe
rPois    .         Reflect  .   c - +0 hat
rElec    .         Harm     .   (no cloak)
rCorr    .         Rampage  .   (gloves unavailable)
Will     +....                  (boots unavailable)
Stlth    +.........             (no amulet)
HPRegen  0.19/turn              h - ring of willpower
MPRegen  0.11/turn              j - ring of positive energy

@: no status effects
A: large, unfitting armour, tough skin 1
a: no special abilities


You were on level 3 of the Dungeon.
You visited 1 branch of the dungeon, and saw 3 of its levels.

You collected 44 gold pieces.

Inventory:

Hand Weapons
 a - a +0 flail (weapon)
Missiles
 d - 2 throwing nets
 g - 198 stones (quivered)
 n - 8 javelins
Armour
 b - a +0 robe (worn)
 c - a +0 hat (worn)
Jewellery
 h - a ring of willpower (left hand)
 j - a ring of positive energy (right hand)
Scrolls
 f - a scroll of magic mapping
 i - 2 scrolls of teleportation
 k - a scroll of identify
Potions
 e - a potion of flight
 l - a potion of berserk rage
 m - a potion of curing {unknown}


   Skills:
 - Level 2.6 Fighting
 + Level 3.2 Maces & Flails
 + Level 2.7 Throwing
 * Level 2.1 Armour
 - Level 2.6 Dodging
 * Level 2.9 Invocations
 * Level 2.1 Evocations


You had 5 spell levels left.
You didn't know any spells.
Your spell library was empty.

Dungeon Overview and Level Annotations

Branches:
Dungeon (3/15)

Altars:


Innate Abilities, Weirdness & Mutations

You are too large for most types of armour.
You have tough skin. (AC +1)


Message History

You barely miss the orc.
The orc is lightly wounded.
The orc hits you with a +0 dagger.
* * * LOW HITPOINT WARNING * * *
The orc closely misses you. The orc hits you with a +0 dagger.
* * * LOW HITPOINT WARNING * * *
You hit the orc.
The orc is heavily wounded.
The orc closely misses you. The orc hits you with a +0 dagger.
* * * LOW HITPOINT WARNING * * *
You hit the orc.
You kill the orc!
The orc completely misses you. The orc hits you with a +0 trident.
* * * LOW HITPOINT WARNING * * *
You see here a +0 dagger.
You closely miss the orc.
The orc is moderately wounded.
The orc hits you with a +0 trident.
You die...

####.####
#.......#
#.##>##.#
#.##.# #
#.##.#
#.##..
#.####
#.#####.#
#..@ooo.#
#########


You could see 3 orcs.

Vanquished Creatures
  Sigmund (D:2)
  3 adders
  A worm (D:2)
  2 dart slugs
  A leopard gecko (D:2)
  An orc (D:3)
  A ball python (D:1)
  5 bats
  A giant cockroach (D:3)
  6 hobgoblins (D:1)
  9 jackals
  3 frilled lizards
  4 goblins
  5 kobolds
  3 rats
46 creatures vanquished.

Notes
Turn   | Place    | Note
-------+----------+-------------------------------------------
     0 | D:1      | Gadfly the Ogre Gladiator began the quest for the Orb.
     0 | D:1      | Reached XP level 1. HP: 22/22 MP: 1/1
   395 | D:1      | Reached XP level 2. HP: 29/29 MP: 2/2
   665 | D:1      | Reached skill level 1 in Invocations
   908 | D:1      | Reached XP level 3. HP: 32/36 MP: 3/3
  1217 | D:2      | Reached skill level 1 in Evocations
  1304 | D:2      | Noticed Sigmund
  1705 | D:2      | Reached skill level 1 in Armour
  2159 | D:2      | Reached XP level 4. HP: 21/44 MP: 5/5
  2488 | D:2      | Killed Sigmund
  2489 | D:2      | Reached skill level 3 in Maces & Flails
  2489 | D:2      | Reached XP level 5. HP: 31/50 MP: 5/7
  2758 | D:2      | Found a faded altar of an unknown god.
  2859 | D:3      | Reached XP level 6. HP: 49/59 MP: 8/8
  3013 | D:3      | Slain by an orc

Illustrated notes

Levels and vault maps discovered:
D:1:      dpeg_arrival_arbitrary_c, layout_loops_cross, kennysheep_another_room
D:2:      layout_loops_ring, chequers_ecumenical_altar_grove,
          minmay_pentomino_o4, uniq_sigmund
D:3:      layout_loops_corners, lightli_sewer_entry_pipes

Skill      XL: |  1  2  3  4 |
---------------+-------------+-----
Invocations    | 1 2 |  2.9
Evocations     | 1 2 |  2.1
Armour         | 1 2 |  2.1
Maces & Flails | 3 |  3.2
Fighting       | |  2.6
Throwing       | |  2.7
Dodging        | |  2.6

Action                   |  1- 3 |  4- 6 || total
-------------------------+-------+-------++-------
Melee: Flail             |   124 |    62 ||   186
Throw: Stone             |    12 |       ||    12
       Throwing net      |       |     1 ||     1
  Use: Scroll            |     5 |     1 ||     6
Armor: Robe              |    63 |    20 ||    83
Dodge: Dodged            |   119 |    39 ||   158
